 Dungeon Crawl Stone Soup version 0.21.1-1-g345015f (webtiles) character file.

1180 letownia2 the Grappler (level 8, 70/70 HPs)
             Began as a Troll Hunter on Feb 25, 2018.
             Quit the game on level 7 of the Dungeon.
             The game lasted 00:09:48 (1930 turns).

letownia2 the Grappler (Troll Hunter)               Turns: 1930, Time: 00:09:49

Health: 70/70      AC:  5    Str: 21    XL:     8   Next: 19%
Magic:  7/7        EV: 10    Int:  9    God:
Gold:   204        SH:  0    Dex: 10    Spells: 7/7 levels left

rFire    . . .     SeeInvis .     - Unarmed
rCold    . . .     Gourm    +   (no shield)
rNeg     . . .     Faith    .   b - +0 robe
rPois    .         Spirit   .   (helmet restricted)
rElec    .         Reflect  .   q - -1 cloak (curse)
rCorr    .         Harm     .   (gloves unavailable)
MR       .....                  (boots unavailable)
Stlth    +.........             (no amulet)
HPRegen  0.61/turn              (no ring)
MPRegen  0.10/turn              (no ring)

@: no status effects
A: large, unfitting armour, claws 3, fast metabolism 3, gourmand, regeneration
1, shaggy fur 1, tough skin 2
a: no special abilities


You were on level 7 of the Dungeon.
You were very full.

You visited 1 branch of the dungeon, and saw 7 of its levels.

You collected 204 gold pieces.

Inventory:

Missiles
 c - 5 large rocks (quivered)
 d - 2 throwing nets
Armour
 b - a +0 robe (worn)
 q - a cursed -1 cloak (worn)
 s - a +0 cloak
Wands
 r - a wand of random effects (28)
 v - a wand of disintegration (11)
 z - a wand of paralysis (17)
Scrolls
 a - 3 scrolls of teleportation {unknown}
 g - 2 scrolls of fear {unknown}
 h - 3 scrolls of remove curse {unknown}
 l - 7 scrolls of identify {unknown}
 m - a scroll of magic mapping {unknown}
 p - a scroll of blinking {unknown}
 t - a scroll of immolation {unknown}
 y - a scroll of vulnerability {unknown}
Potions
 e - a potion of brilliance {unknown}
 i - a potion of heal wounds {unknown}
 j - a potion of ambrosia {unknown}
 k - a potion of curing {unknown}
 n - a potion of might {unknown}
 o - a potion of invisibility {unknown}
 u - a potion of flight {unknown}
 w - a potion of magic {unknown}
Comestibles
 f - 11 rations


   Skills:
 - Level 1.5 Fighting
 - Level 3.6 Throwing
 - Level 1.5 Dodging
 - Level 0.3 Stealth
 * Level 9.7 Unarmed Combat


You had 7 spell levels left.
You didn't know any spells.

Dungeon Overview and Level Annotations

Branches:
Dungeon (7/15)
 Temple: D:4-7

Altars:
Dithmenos
Kikubaaqudgha
Makhleb
Nemelex Xobeh
Okawaru
Uskayaw
Vehumet
Zin

Shops:
D:4 }


Innate Abilities, Weirdness & Mutations

You are too large for most types of armour.
You have claws for hands.
Your metabolism is lightning-fast.
You like to eat raw meat.
Your natural rate of healing is unusually fast.
You are covered in fur. (AC +1)
You have very tough skin. (AC +2)


Message History

You kill the orc!
You claw the worker ant!
You kill the worker ant!
You aren't carrying any pieces of jewellery.
Unknown command.
Things that are here:
a club; a worker ant corpse; an orc corpse You see here a falchion.
Found 13 gold pieces.
You now have 204 gold pieces (gained 13).
Found 2 scrolls labeled OXEIFO YLUIQYC.
l - 6 scrolls labeled OXEIFO YLUIQYC (gained 1)
l - 7 scrolls labeled OXEIFO YLUIQYC (gained 1)
You aren't carrying any pieces of jewellery.
Unknown command.
Wear which item? (? for menu, Esc to quit)
Okay, then.
Evoke which item? (* to show all) (? for menu, Esc to quit)
Okay, then.
Are you sure you want to abandon this character and quit the game? (Confirm with "yes".)

.# #.# #.# ####
#.#
...###.###########
#...............#
#.#...##### #@#
#.).......# #.#
#)#...###.# #.#
##.##.## #.# #.#
...##.# #.# #.#
#####.# #.# #.# #
#.####.#####.# #
#............# #
######.#######


There were no monsters in sight!

Vanquished Creatures
  Grinder (D:5)
  An orc warrior (D:6)
  A black bear (D:7)
  A centaur (D:5)
  A bullfrog (D:6)
  A howler monkey (D:6)
  A bullfrog zombie (D:6)
  2 crimson imps (D:5)
  3 jellies
  2 orc priests (D:6)
  A centaur skeleton (D:5)
  2 orc wizards
  6 worker ants
  A worker ant zombie (D:7)
  2 howler monkey skeletons (D:5)
  4 adders
  2 oozes (D:4)
  A worm (D:5)
  2 dart slugs
  3 leopard geckos
  17 orcs
  A bat (D:1)
  3 giant cockroaches
  A goblin (D:2)
  A quokka (D:4)
  2 frilled lizards
  A rat (D:2)
64 creatures vanquished.

Notes
Turn   | Place    | Note
-------+----------+-------------------------------------------
     0 | D:1      | letownia2 the Troll Hunter began the quest for the Orb.
     0 | D:1      | Reached XP level 1. HP: 19/19 MP: 0/0
    49 | D:1      | Reached skill level 1 in Unarmed Combat
   111 | D:2      | Reached skill level 2 in Unarmed Combat
   111 | D:2      | Reached XP level 2. HP: 26/27 MP: 1/1
   237 | D:2      | Reached XP level 3. HP: 20/33 MP: 2/2
   247 | D:2      | Reached skill level 3 in Unarmed Combat
   254 | D:2      | Found a hide-covered altar of Uskayaw.
   286 | D:3      | Found a radiant altar of Vehumet.
   286 | D:3      | Found a sparkling altar of Nemelex Xobeh.
   348 | D:4      | Reached XP level 4. HP: 41/41 MP: 3/3
   375 | D:4      | Found Gauppam's Gadget Emporium.
   409 | D:4      | Reached skill level 4 in Unarmed Combat
   473 | D:4      | Reached XP level 5. HP: 36/48 MP: 4/4
   740 | D:4      | Found an iron altar of Okawaru.
   750 | D:5      | Entered Level 5 of the Dungeon
   754 | D:5      | Reached skill level 5 in Unarmed Combat
   782 | D:5      | Found a burning altar of Makhleb.
   792 | D:5      | Reached XP level 6. HP: 48/55 MP: 5/5
   830 | D:5      | Reached skill level 6 in Unarmed Combat
  1066 | D:5      | Found a glowing silver altar of Zin.
  1161 | D:5      | Reached skill level 7 in Unarmed Combat
  1228 | D:5      | Noticed Grinder
  1252 | D:5      | Killed Grinder
  1252 | D:5      | Reached XP level 7. HP: 26/62 MP: 6/6
  1315 | D:5      | Found a sparkling altar of Nemelex Xobeh.
  1393 | D:6      | Found an ancient bone altar of Kikubaaqudgha.
  1493 | D:6      | Found a shadowy altar of Dithmenos.
  1564 | D:6      | Reached skill level 8 in Unarmed Combat
  1724 | D:6      | Reached skill level 9 in Unarmed Combat
  1728 | D:6      | Reached XP level 8. HP: 28/70 MP: 7/7
  1930 | D:7      | Quit the game

Skill      XL: |  1  2  3  4  5  6  7 |
---------------+----------------------+-----
Unarmed Combat | 2 3 4 5 7 9 |  9.7
Fighting       | |  1.5
Throwing       | |  3.6
Dodging        | |  1.5
Stealth        | |  0.3

Action                   |  1- 3 |  4- 6 |  7- 9 || total
-------------------------+-------+-------+-------++-------
Melee: Unarmed           |    59 |    97 |    48 ||   204
       Punch             |     1 |       |     3 ||     4
Throw: Large rock        |       |     3 |       ||     3
 Stab: Sleeping          |       |     1 |       ||     1
  Eat: Chunk             |     8 |     8 |     6 ||    22
Armor: Robe              |    26 |    26 |    11 ||    63
Dodge: Dodged            |    35 |    49 |    13 ||    97
